 Dungeon Crawl Stone Soup version 0.23-a0-488-g5fd82c5 (webtiles) character file.

46 aurelian the Gusty (level 3, -4/19 HPs)
             Began as a Tengu Air Elementalist on Dec 1, 2018.
             Killed from afar by an orc wizard (9 damage)
             ... with a magic dart
             ... on level 1 of the Dungeon.
             The game lasted 00:03:39 (1434 turns).

aurelian the Gusty (Tengu Air Elementalist)         Turns: 1434, Time: 00:03:39

Health: -4/19      AC:  2    Str:  8    XL:     3   Next: 68%
Magic:  1/7        EV: 15    Int: 16    God:
Gold:   72         SH:  0    Dex: 14    Spells: 2/6 levels left

rFire    . . .     SeeInvis .   c - +0 short sword
rCold    . . .     Gourm    .   (no shield)
rNeg     . . .     Faith    .   a - +0 robe
rPois    .         Spirit   .   (helmet restricted)
rElec    .         Reflect  .   (no cloak)
rCorr    .         Harm     .   (no gloves)
MR       .....                  (boots unavailable)
Stlth    +.........             (no amulet)
HPRegen  0.06/turn              (no ring)
MPRegen  0.10/turn              (no ring)

@: confused, flying quickly and evasively, quick
A: beak, talons 3
a: no special abilities


You were on level 1 of the Dungeon.
You were not hungry.

You visited 1 branch of the dungeon, and saw 2 of its levels.

You collected 72 gold pieces.

Inventory:

Hand Weapons
 c - a +0 short sword (weapon)
   (You took it off a kobold on level 1 of the Dungeon)
 d - a +0 hunting sling
   (You found it on level 1 of the Dungeon)
Missiles
 f - 46 stones (quivered)
Armour
 a - a +0 robe (worn)
Jewellery
 k - an uncursed ring of wizardry {unknown}
   (You found it on level 1 of the Dungeon)
Scrolls
 g - a scroll of immolation {unknown}
 h - a scroll of identify {unknown}
Comestibles
 b - 3 chunks of flesh
 e - 3 rations {!d}


   Skills:
 - Level 2.1 Dodging
 - Level 2.0 Stealth
 + Level 2.4 Spellcasting
 * Level 3.4 Conjurations
 + Level 4.5 Air Magic


You had 2 spell levels left.
You knew the following spells:

 Your Spells              Type           Power        Failure   Level  Hunger
a - Shock                 Conj/Air       ##..         3%          1    #......
d - Static Discharge      Conj/Air       ##......     12%         3    ###....

Your spell library contained the following spells:

 Spells                   Type           Power        Failure   Level  Hunger
 Swiftness                Chrm/Air       #.......     12%         2    ###....
 Airstrike                Air            ###.......   30%         4    #####..
 Lightning Bolt           Conj/Air       ##........   71%         5    ######.


Dungeon Overview and Level Annotations

Branches:
Dungeon (2/15)

Altars:


Innate Abilities, Weirdness & Mutations

You have a beak for a mouth.
You have claws for feet.


Message History

You climb upwards.
There is a stone staircase leading down here.
You start resting.
You feel less confused.
You climb downwards.
The orc hits you with a +0 whip.
There is a stone staircase leading up here.
Unknown command.
Aim: an orc wizard, wielding a +0 dagger and wearing a +0 robe (lightly The zap hits the orc.
The zap hits the orc wizard.
The orc hits you with a +0 whip.
The orc is struck by an arc of lightning.
The orc wizard is struck by an arc of lightning.
The lightning grounds out.
The orc misses you.
The orc wizard gestures wildly while chanting.
The orc wizard flickers and vanishes!
Deactivating autopickup; reactivate with Ctrl-A.
Unknown command.
The orc is struck by an arc of lightning.
You kill the orc!
The lightning grounds out.
You are feeling hungry.
Unknown command.
Something hits you.
You climb upwards.
Reactivating autopickup.
There is a stone staircase leading down here.
Unknown command.
You start resting.
Eating one of 4 chunks of flesh.
You eat one of the 4 chunks of flesh.
Something hits you.
Deactivating autopickup; reactivate with Ctrl-A.
Unknown command.
As you read the scroll labeled SELEYSMOYWI, it crumbles to dust.
You assume a fearsome visage.
Nothing appears to happen.
It was a scroll of fear.
Something hits you but does no damage.
You hear some strange, mumbled words.
You are confused.
It was a potion of flight.
You feel very buoyant.
You swoop lightly up into the air.
Something hits you.
* * * LOW HITPOINT WARNING * * *
Unknown command.
You're too confused to move!
Something hits you.
* * * LOW HITPOINT WARNING * * *
A magic dart appears from out of thin air!
The magic dart hits you!
You die...

#...#...# #.........########.#
#...#...######.....)............#
.............#..........##....###
.............#.####.#.#.##.).....
.............#.#....#.#.####.....
.............#.#.####.#.####.....
..............)#.# #............
..........######.# ###..........
......[...######@# #..........
.................# #........##
.................# #........#
.................# #........#
.................# #........#
............>....# #........#
#########........# #........#
#.......## ########## #.......#


There were no monsters in sight!

Vanquished Creatures
  2 oozes (D:1)
  An orc (D:2)
  2 giant cockroaches (D:1)
  4 goblins (D:1)
  6 hobgoblins (D:1)
  5 bats (D:1)
  A frilled lizard (D:1)
  10 kobolds (D:1)
  4 rats (D:1)
35 creatures vanquished.

Notes
Turn   | Place    | Note
-------+----------+-------------------------------------------
     0 | D:1      | aurelian the Tengu Air Elementalist began the quest for the
                  | Orb.
     0 | D:1      | Reached XP level 1. HP: 10/10 MP: 4/4
   212 | D:1      | Reached XP level 2. HP: 15/15 MP: 3/6
   703 | D:1      | Reached XP level 3. HP: 19/19 MP: 5/7
   778 | D:1      | Learned a level 3 spell: Static Discharge
  1434 | D:1      | Killed from afar by an orc wizard

Vault maps used:
D:1:      onia_arrival_handbag, minmay_pentomino_s2
D:2:      nicolae_ashenzari_panopticon

Skill      XL: |  1  2  3 |
---------------+----------+-----
Conjurations   | 2 3 |  3.4
Dodging        | |  2.1
Stealth        | |  2.0
Spellcasting   | |  2.4
Air Magic      | |  4.5

Action                   || total
-------------------------++-------
 Cast: Shock             ||    61
       Static Discharge  ||     2
  Use: Scroll            ||     1
       Potion            ||     1
  Eat: Chunk             ||     3
Armor: Robe              ||     2
Dodge: Dodged            ||     6

Table legend:
 A = Non-vault XP
 B = Vault XP
 C = Vault XP percentage of total XP
 D = Non-vault monster count
 E = Vault monster count
 F = Vault count percentage of total count
                 A         B        C        D         E       F
            +---------+---------+-------+---------+---------+-------
      Total |      53 |      14 |  20.9 |      29 |       6 |  17.1
            +---------+---------+-------+---------+---------+-------
        D:1 |      50 |      14 |  21.9 |      28 |       6 |  17.6
        D:2 |       3 |       0 |   0.0 |       1 |       0 |   0.0
            +---------+---------+-------+---------+---------+-------
